 Dungeon Crawl Stone Soup version 0.28.0-53-g5a82cb258f (webtiles) character file.

Game seed: 14193811392489662236

13349 personjerry the Covert (level 12, -4/84 HPs)
             Began as an Octopode Conjurer on May 31, 2022.
             Was an Elder of Ashenzari.
             Slain by a cane toad (16 damage)
             ... on level 1 of the Lair of Beasts.
             The game lasted 00:52:31 (14260 turns).

personjerry the Covert (Octopode Conjurer)         Turns: 14260, Time: 00:52:31

Health: -4/84      AC:  9    Str:  6    XL:     12   Next: 5%
Magic:  5/37       EV: 16    Int: 31    God:    Ashenzari [****..]
Gold:   786        SH:  5    Dex: 11    Spells: 21/35 levels left

rFire   + + .      SeeInvis +   F - +2 shortbow (flame)
rCold   x . .      Faith    .   (shield currently unavailable)
rNeg    . . .      Spirit   .   (helmet restricted)
rPois   .          Reflect  +   e - amulet of Ashenzari's Regret {Reflect SH+5, Self, Alch} (curse)
rElec   .          Harm     .   d - ring "Overhang to Understand" {Fly, Elem, Range} (curse)
rCorr   .          Rampage  .   b - ring of Ouranomancy {AC+4, Cun, Self} (curse)
Will    +....      Clarity  +   g - ring "Omniscient Vexation" {MP+9, Cun, Self} (curse)
Stlth   +++++++...              n - ring "Ruined Atheism" {Will+, Evo, Alch} (curse)
HPRegen 0.24/turn               r - ring of Ashenzari's Comet {Int+6, Range, Self} (curse)
MPRegen 0.25/turn               t - ring "Cryptic Discomfort" {AC+4, Self, Bglg} (curse)
                                w - ring of the Prescient Portent {Fire, Elem, Evo} (curse)
                                (no ring)

@: flying, studying Stealth
A: almost no armour, amphibious, 8 rings, camouflage 1, gelatinous body 1,
(nimble swimmer 1), tentacles, clarity, fire resistance 1, frail 1
a: Renounce Religion, Shatter the Chains


You were on level 1 of the Lair of Beasts.
You worshipped Ashenzari.
Ashenzari was greatly pleased with you.
You visited 2 branches of the dungeon, and saw 13 of its levels.

You collected 786 gold pieces.

Inventory:

Hand Weapons
 C - a +3 hand axe of electrocution
 F - a +2 shortbow of flaming (weapon)
Missiles
 I - 217 arrows (quivered ammo)
 M - 5 throwing nets
Jewellery
 b - the cursed ring of Ouranomancy (right tentacle) {AC+4, Cun, Self}
   (You found it on level 1 of the Dungeon)

   [ring of protection]

   AC:        It affects your AC (+4).
   It has a curse which improves the following skills: Cunning: Dodging and
   Stealth.
   Introspection: Fighting and Spellcasting.
 d - the cursed ring "Overhang to Understand" (left tentacle) {Fly, Elem, Range}
   (You found it on level 1 of the Dungeon)

   [ring of flight]

   Fly:       It grants you flight.
   It has a curse which improves the following skills: Elements: Fire Magic, Ice
   Magic, Air Magic and Earth Magic.
   Ranged Combat: Slings, Bows, Crossbows and Throwing.
 e - the cursed amulet of Ashenzari's Regret (around mantle) {Reflect SH+5, Self, Alch}
   (You found it on level 2 of the Dungeon)

   [amulet of reflection]

   It reflects blocked missile attacks.
   SH:        It affects your SH (+5).
   It has a curse which improves the following skills: Introspection: Fighting
   and Spellcasting.
   Alchemy:   Poison Magic and Transmutations.
 g - the cursed ring "Omniscient Vexation" (on tentacle) {MP+9, Cun, Self}
   (You found it on level 3 of the Dungeon)

   [ring of magical power]

   MP:        It affects your magic capacity (+9).
   It has a curse which improves the following skills: Cunning: Dodging and
   Stealth.
   Introspection: Fighting and Spellcasting.
 j - a ring of ice
 n - the cursed ring "Ruined Atheism" (on tentacle) {Will+, Evo, Alch}
   (You found it on level 5 of the Dungeon)

   [ring of willpower]

   Will:      It increases your willpower.
   It has a curse which improves the following skills: Evocations: Evocations.
   Alchemy:   Poison Magic and Transmutations.
 r - the cursed ring of Ashenzari's Comet (on tentacle) {Int+6, Range, Self}
   (You found it on level 4 of the Dungeon)

   [ring of intelligence]

   Int:       It affects your intelligence (+6).
   It has a curse which improves the following skills: Ranged Combat: Slings,
   Bows, Crossbows and Throwing.
   Introspection: Fighting and Spellcasting.
 t - the cursed ring "Cryptic Discomfort" (on tentacle) {AC+4, Self, Bglg}
   (You found it on level 5 of the Dungeon)

   [ring of protection]

   AC:        It affects your AC (+4).
   It has a curse which improves the following skills: Introspection: Fighting
   and Spellcasting.
   Beguiling: Conjurations, Hexes and Translocations.
 w - the cursed ring of the Prescient Portent (on tentacle) {Fire, Elem, Evo}
   (You found it on level 6 of the Dungeon)

   [ring of fire]

   It enhances your fire magic.
   rF:        It protects you from fire.
   rC:        It makes you vulnerable to cold.
   It has a curse which improves the following skills: Elements: Fire Magic, Ice
   Magic, Air Magic and Earth Magic.
   Evocations: Evocations.
 L - an amulet of magic regeneration
 O - a +4 ring of evasion
Wands
 B - a wand of polymorph (12)
 G - a wand of flame (19)
 J - a wand of acid (11)
 K - a wand of mindburst (19)
 N - a wand of paralysis (2)
Scrolls
 a - 2 scrolls of immolation
 l - 6 scrolls of identify
 m - 5 scrolls of fog
 o - a scroll of brand weapon
 p - 2 scrolls of amnesia
 u - 3 scrolls of teleportation
 y - a scroll of magic mapping
 D - 2 scrolls of enchant weapon
 E - 2 scrolls of silence
 H - 2 scrolls of enchant armour
Potions
 c - 2 potions of curing
 f - a potion of invisibility
 h - 4 potions of attraction
 i - 2 potions of brilliance
 k - 2 potions of lignification
 q - 2 potions of ambrosia
 s - a potion of degeneration
 v - 2 potions of haste
 x - 2 potions of might
 z - a potion of heal wounds
 A - a potion of cancellation


   Skills:
 - Level 7.6(13.0) Fighting
 + Level 7.2(10.2) Bows
 - Level 7.0(10.0) Dodging
 + Level 12.1(15.0) Stealth
 - Level 6.6(12.0) Spellcasting
 + Level 6.3(8.3) Conjurations
 - Level 7.0(10.0) Fire Magic
 + Level 1.2(3.0) Ice Magic
 + Level 1.1(2.9) Air Magic
 - Level 6.0(9.0) Evocations


You had 21 spell levels left.
You knew the following spells:

 Your Spells              Type           Power      Damage    Failure   Level
a - Magic Dart            Conj           100%       1d8       1%          1
b - Searing Ray           Conj           100%       2d8       1%          2
c - Fireball              Conj/Fire      42%        3d17      1%          5
d - Starburst             Conj/Fire      42%        6d12      10%         6

Your spell library contained the following spells:

 Spells                   Type           Power      Damage    Failure   Level
 Ensorcelled Hibernation  Hex/Ice        56%        N/A       1%          2
 Poisonous Vapours        Pois/Air       56%        N/A       1%          2
 Dazzling Flash           Conj/Hex       90%        N/A       1%          3
 Ignite Poison            Fire/Tmut/Pois 57%        N/A       1%          3
 Mephitic Cloud           Conj/Pois/Air  42%        N/A       1%          3
 Apportation              Tloc           40%        N/A       2%          1
 Beastly Appendage        Tmut           42%        N/A       2%          1
 Passwall                 Tmut/Erth      17%        N/A       3%          2
 Wereblood                Tmut           21%        N/A       3%          2
 Fulminant Prism          Conj/Hex       22%        3d13      4%          4
 Iskenderun's Mystic Bla  Conj/Tloc      45%        2d10      4%          4
 Gell's Gravitas          Tloc           20%        N/A       7%          3
 Spider Form              Tmut/Pois      21%        N/A       7%          3
 Teleport Other           Tloc           20%        N/A       7%          3
 Freezing Cloud           Conj/Ice/Air   24%        6-21      11%         5
 Petrify                  Tmut/Erth      21%        N/A       22%         4
 Anguish                  Hex/Necr       9%         N/A       26%         4
 Metabolic Englaciation   Hex/Ice        14%        N/A       36%         5
 Conjure Ball Lightning   Conj/Air       26%        3x3d7     38%         6
 Alistair's Intoxication  Tmut/Pois      14%        N/A       54%         5
 Ignition                 Fire           44%        3d13      96%         8
 Dispersal                Tloc           10%        N/A       98%         6
 Statue Form              Tmut/Erth      14%        N/A       98%         6
 Discord                  Hex            10%        N/A       100%        8
 Disjunction              Tloc           10%        N/A       100%        8


Dungeon Overview and Level Annotations

Branches:
Dungeon (12/15)            Temple (0/1) D:5            Lair (1/6) D:11
    Orc (0/2) D:11

Altars:
Ashenzari
Cheibriados
Fedhas
Gozag
Hepliaklqana
Makhleb
Okawaru
Qazlal
Sif Muna
Uskayaw
Vehumet
Wu Jian
Xom
Yredelemnul

Shops:
D:4 *

Annotations:
D:10 3 runed translucent doors


Innate Abilities, Weirdness & Mutations

You cannot wear most types of armour.
You are amphibious.
You can wear up to eight rings at the same time.
Your skin changes colour to match your surroundings (Stealth+).
Your rubbery body absorbs attacks. (AC +1, EV +1)
((You are camouflaged when in or above water. (Stealth+)))
You have tentacles for arms and can constrict up to eight enemies at once.
You possess an exceptional clarity of mind.
Your flesh is heat resistant. (rF+)
You are frail. (-10% HP)


Message History

Fire: 223 arrows
Press: ? - help, Q - select action, (/) - cycle Shift-Dir - straight line, f/p - cane toad
Aim: a cane toad (heavily wounded, 73% to hit)
You shoot an arrow. The arrow hits the cane toad.
The arrow burns the cane toad.
The cane toad is severely wounded.
Fire: 222 arrows
Press: ? - help, Q - select action, (/) - cycle Shift-Dir - straight line, f/p - cane toad
Aim: a cane toad (severely wounded, 73% to hit)
You shoot an arrow. The arrow hits the cane toad.
The arrow burns the cane toad.
The cane toad is almost dead.
Fire: 221 arrows
Press: ? - help, Q - select action, (/) - cycle Shift-Dir - straight line, f/p - cane toad
Aim: a cane toad (almost dead, 73% to hit)
You shoot an arrow.
The arrow hits the cane toad but does no damage.
The cane toad is almost dead.
Fire: 220 arrows
Press: ? - help, Q - select action, (/) - cycle Shift-Dir - straight line, f/p - cane toad
Aim: a cane toad (almost dead, 73% to hit)
You shoot an arrow. The arrow hits the cane toad.
The arrow burns the cane toad.
The cane toad is almost dead.
Fire: 219 arrows
Press: ? - help, Q - select action, (/) - cycle Shift-Dir - straight line, f/p - cane toad
Aim: a cane toad (almost dead, 73% to hit)
You shoot an arrow. The arrow closely misses the cane toad.
The arrow hits the plant!
The plant begins to die.
The arrow burns the plant.
The plant is lightly damaged.
You are too injured to fight recklessly!
Fire: 218 arrows
Press: ? - help, Q - select action, (/) - cycle Shift-Dir - straight line, f/p - cane toad
Aim: a cane toad (almost dead, 73% to hit)
You shoot an arrow. The arrow hits the cane toad.
The arrow burns the cane toad.
The cane toad is almost dead.
The cane toad stings you!
You die...

, ,, ...........##
............# , ,,
............## , , ,
#..#.......<## , ,*
...#......††.# , ,** ,
...........## ,
.#........## ,,,
#........## ..
,......##....@....# ..
,.....##...F....##
....,.....##.........#
.............(.......#
....###......(......##
......#...#P(......##
....#......(......####
......F(...........###
....................##


You could see a cane toad.

Vanquished Creatures
  Fannar (D:10)
  Harold (D:10)
  2 two-headed ogres
  Pikel (D:6)
  A cyclops (D:11)
  2 centaur zombies
  Joseph (D:9)
  2 gargoyles (D:11)
  An unseen horror (D:11)
  A rime drake (Lair:1)
  Psyche (D:11)
  Maggie (D:10)
  A meliai zombie (D:11)
  A wyvern (D:9)
  Eustachio (D:6)
  Sigmund (D:2)
  2 wraiths
  2 vampire mosquitoes (D:11)
  A steam dragon (D:7)
  8 yaks
  Grum (D:8)
  3 water moccasins
  The ghost of maxonian the Skirmisher, an amateur GrFi (D:4)
  Edmund (D:5)
  An acid dragon (D:8)
  7 orc warriors
  2 black bears
  2 ice beasts (D:6)
  2 necrophages
  A sky beast (D:6)
  An ogre (D:6)
  2 wolves (D:8)
  A lemure (D:6)
  4 centaurs
  3 kobold brigands (D:9)
  4 bullfrogs
  2 gnoll sergeants
  A wyvern zombie (D:6)
  A water moccasin zombie (D:6)
  4 scorpions
  6 killer bees
  6 howler monkeys
  4 crimson imps (D:11)
  3 hounds (D:5)
  A jelly (D:6)
  7 orc priests
  2 centaur skeletons (D:6)
  A gnoll shaman (D:4)
  3 iguanas
  4 orc wizards
  17 gnolls
  14 adders
  A white imp (D:6)
  2 ufetubi (D:6)
  A dart slug (D:1)
  32 orcs
  9 endoplasms
  3 giant cockroaches
  7 hobgoblins
  3 jackals (D:5)
  11 kobolds
  3 quokkas
  3 ball pythons
  6 bats
  4 frilled lizards (D:2)
  9 goblins
  5 rats
  A spectral kobold (D:10)
244 creatures vanquished.

Vanquished Creatures (others)
  A howler monkey (D:7)
  A gnoll (D:4)
  A fungus (Lair:1)
  10 plants
  A withered plant (D:7)
14 creatures vanquished.

Grand Total: 258 creatures vanquished

Notes
Turn   | Place    | Note
-------+----------+-------------------------------------------
     0 | D:1      | personjerry the Octopode Conjurer began the quest for the
                  | Orb.
     0 | D:1      | Reached XP level 1. HP: 11/11 MP: 3/3
    68 | D:1      | Found a faded altar of an unknown god.
   243 | D:1      | Reached skill level 3 in Stealth
   282 | D:1      | Reached XP level 2. HP: 17/17 MP: 0/5
  1418 | D:2      | Reached XP level 3. HP: 21/21 MP: 4/6
  1421 | D:2      | Learned a level 2 spell: Searing Ray
  1577 | D:2      | Reached skill level 5 in Conjurations
  1831 | D:2      | Noticed Sigmund
  1983 | D:3      | Found a broken altar of Ashenzari.
  1993 | D:3      | Reached skill level 1 in Fighting
  1993 | D:3      | Reached XP level 4. HP: 28/28 MP: 7/7
  2000 | D:3      | Became a worshipper of Ashenzari the Shackled
  2347 | D:3      | Reached XP level 5. HP: 34/34 MP: 8/8
  2496 | D:3      | Found a burning altar of Makhleb.
  2547 | D:3      | Found a radiant altar of Vehumet.
  2732 | D:3      | Found a snail-covered altar of Cheibriados.
  2804 | D:4      | Found Hofene's Gadget Gallery.
  3173 | D:4      | You are sucked into a shaft and drop 1 floor!
  3173 | D:5      | Entered Level 5 of the Dungeon
  3173 | D:5      | Noticed a necrophage
  3183 | D:5      | Killed a necrophage
  3184 | D:5      | Reached XP level 6. HP: 38/41 MP: 6/9
  3329 | D:5      | Found a stormy altar of Qazlal.
  3386 | D:5      | Found a staircase to the Ecumenical Temple.
  3403 | D:4      | Found a transporter.
  3409 | D:4      | Found a transporter.
  3518 | D:4      | Reached XP level 7. HP: 44/46 MP: 12/12
  3847 | D:5      | Got the Volume of the Rocks and Weightlessness
  3964 | D:5      | Found an opulent altar of Gozag.
  3978 | D:5      | Found an iron altar of Okawaru.
  4095 | D:5      | Found a hide-covered altar of Uskayaw.
  4439 | D:5      | Reached * piety under Ashenzari
  4830 | D:6      | Noticed Edmund
  4844 | D:5      | Killed Edmund
  4845 | D:5      | Reached skill level 5 in Spellcasting
  4988 | D:2      | Killed Sigmund
  4989 | D:2      | Reached XP level 8. HP: 44/54 MP: 16/18
  5476 | D:6      | Reached skill level 5 in Fighting
  5739 | D:6      | Noticed Eustachio
  5754 | D:6      | Killed Eustachio
  5790 | D:6      | Reached XP level 9. HP: 56/67 MP: 20/20
  5948 | D:6      | Reached skill level 4 in Stealth
  6016 | D:6      | Reached skill level 5 in Stealth
  6036 | D:6      | Noticed Pikel
  6046 | D:6      | Killed Pikel
  6047 | D:6      | Reached skill level 8 in Stealth
  6411 | D:7      | Reached ** piety under Ashenzari
  6703 | D:7      | Found a shimmering blue altar of Sif Muna.
  6776 | D:7      | Reached skill level 1 in Evocations
  7132 | D:7      | Reached skill level 5 in Dodging
  7229 | D:7      | Found a basalt altar of Yredelemnul.
  7672 | D:8      | Reached XP level 10. HP: 72/76 MP: 22/22
  7862 | D:8      | Noticed Grum
  7872 | D:8      | Killed Grum
  9255 | D:8      | Reached skill level 1 in Bows
 10135 | D:4      | Noticed maxonian's ghost (amateur GrFi)
 10166 | D:4      | Killed maxonian's ghost
 10623 | D:9      | Reached *** piety under Ashenzari
 10910 | D:9      | Reached skill level 1 in Fire Magic
 11129 | D:9      | Reached **** piety under Ashenzari
 11188 | D:9      | Found an ornate altar of the Wu Jian Council.
 11273 | D:10     | Entered Level 10 of the Dungeon
 11276 | D:10     | Noticed Joseph
 11289 | D:9      | Killed Joseph
 11446 | D:10     | Noticed a red ugly thing
 11458 | D:9      | Reached skill level 5 in Bows
 11549 | D:9      | Learned a level 5 spell: Fireball
 11570 | D:10     | Found a runed translucent gate.
 11570 | D:10     | Found a runed translucent gate.
 11570 | D:10     | Found a runed translucent gate.
 11570 | D:10     | Noticed a purple ugly thing
 11570 | D:10     | Noticed a brown ugly thing
 11572 | D:10     | Noticed a red ugly thing
 11572 | D:10     | Noticed a purple ugly thing
 11578 | D:10     | Noticed a death drake
 11583 | D:10     | a death drake changed into a snapping turtle
 11584 | D:10     | Noticed a death drake
 11584 | D:10     | a snapping turtle changed into a death drake
 11585 | D:10     | Noticed a deep troll
 11585 | D:10     | a death drake changed into a deep troll
 11586 | D:10     | Noticed a steelbarb worm
 11586 | D:10     | a deep troll changed into a steelbarb worm
 11595 | D:10     | Found a blossoming altar of Fedhas.
 11596 | D:10     | Noticed Harold
 11606 | D:10     | Killed Harold
 11607 | D:10     | Reached XP level 11. HP: 88/88 MP: 21/26
 11610 | D:10     | Noticed a deep troll
 11610 | D:10     | a floating eye changed into a deep troll
 11611 | D:10     | Noticed a manticore
 11611 | D:10     | a deep troll changed into a manticore
 11616 | D:10     | Noticed a sea snake
 11616 | D:10     | a manticore changed into a sea snake
 11623 | D:10     | Noticed an anaconda
 11623 | D:10     | a sea snake changed into an anaconda
 11626 | D:10     | Noticed Fannar
 11686 | D:10     | Noticed a two-headed ogre
 11702 | D:10     | Killed Fannar
 11703 | D:10     | Reached skill level 5 in Fire Magic
 11703 | D:10     | Killed a two-headed ogre
 11851 | D:9      | Learned a level 6 spell: Starburst
 12381 | D:10     | Noticed Maggie
 12386 | D:10     | Killed Maggie
 12448 | D:10     | Found a hazy altar of Hepliaklqana.
 12570 | D:10     | Noticed an entropy weaver
 12584 | D:11     | Noticed Psyche
 12586 | D:11     | Killed Psyche
 12587 | D:11     | Reached skill level 5 in Evocations
 12596 | D:11     | Noticed a two-headed ogre
 12599 | D:11     | Killed a two-headed ogre
 12600 | D:11     | Reached skill level 9 in Stealth
 12823 | D:11     | Gained mutation: You are frail. (-10% HP) [potion of
                  | mutation]
 12823 | D:11     | Gained mutation: Your flesh is heat resistant. (rF+)
                  | [potion of mutation]
 12823 | D:11     | Gained mutation: You possess an exceptional clarity of
                  | mind. [potion of mutation]
 12936 | D:11     | Found a staircase to the Lair.
 12966 | D:11     | Reached skill level 10 in Stealth
 13101 | D:11     | Noticed a cyclops
 13106 | D:11     | Killed a cyclops
 13437 | D:11     | Reached skill level 11 in Stealth
 13653 | D:11     | Found a shimmering altar of Xom.
 13865 | D:11     | Found a staircase to the Orcish Mines.
 13964 | D:12     | Noticed a red ugly thing
 14097 | Lair:1   | Entered Level 1 of the Lair of Beasts
 14228 | Lair:1   | Reached skill level 12 in Stealth
 14228 | Lair:1   | Reached skill level 1 in Ice Magic
 14228 | Lair:1   | Reached XP level 12. HP: 71/84 MP: 13/28
 14230 | Lair:1   | Reached skill level 1 in Air Magic
 14260 | Lair:1   | Slain by a cane toad

Illustrated notes

Levels and vault maps discovered:
D:1:      amcnicky_arrival_underground_garden, layout_loops_cross,
          hellmonk_ecumenical_altar_blasted, st_stairs_8,
          grunt_decor_mini_mirrors, minmay_misc_feat_nine_boxes,
          minmay_heptomino_l4
D:2:      layout_rooms, kennysheep_generic_room_11, uniq_sigmund
D:3:      layout_rooms, mainiacjoe_overflow_tiny_flanked, ashenzari_altar_1,
          mainiacjoe_overflow_swirl
D:4:      layout_gridville, gammafunk_ghost_gnarly_gnolls, nicolae_shop_gadgets
D:5:      layout_basic, mainiacjoe_overflow_six_doors_small,
          kennysheep_mini_moat, nicolae_qazlal_general_emergency,
          okawaru_altar_gauntlet_db, minmay_temple_entry_drinking_statues,
          kennysheep_big_empty_room
D:6:      layout_cave_pools, serial_park_tiny_pond, uniq_pikel, uniq_eustachio,
          uniq_edmund
D:7:      layout_loops_corners, mainiacjoe_overflow_alcove_4,
          yredelemnul_altar_generic
D:8:      layout_cave_pods, minivault_24, uniq_grum
D:9:      nicolae_cairo_tiling_large_dashed, layout_basic,
          nzn_wu_jian_council_hall
D:10:     layout_cave_pools, mainiacjoe_overflow_paths,
          nicolae_hepliaklqana_monster_ancestors,
          ploomutoo_gammafunk_ghost_potion_laboratory, uniq_maggie, uniq_joseph,
          uniq_fannar, uniq_harold
D:11:     layout_loops_ring, dpeg_oklobed_lair, david_orc_4, led_xom_imps,
          uniq_psyche
D:12:     layout_small_grid, uniq_rupert
Lair:1:   layout_gridlike

Skill      XL: |  1  2  3  4  5  6  7  8  9 10 11 12 |
---------------+-------------------------------------+-----
Stealth        | 3 8 12 | 12.1
Conjurations   | 5 6 |  6.3
Fighting       | 1 2 3 4 7 |  7.6
Dodging        | 3 5 6 7 |  7.0
Spellcasting   | 3 5 6 |  6.6
Evocations     | 3 4 6 |  6.0
Bows           | 5 7 |  7.2
Fire Magic     | 4 7 |  7.0
Ice Magic      | 1 |  1.2
Air Magic      | 1 |  1.1

Action                   |  1- 3 |  4- 6 |  7- 9 | 10-12 || total
-------------------------+-------+-------+-------+-------++-------
Melee: Unarmed           |    22 |     5 |       |       ||    27
       Constrict         |     5 |     8 |    26 |     5 ||    44
       Tentacles         |     4 |    12 |    50 |     6 ||    72
       Punch             |     1 |     1 |     1 |     3 ||     6
       Short sword       |       |    34 |   175 |    19 ||   228
       Hand axe          |       |       |       |     9 ||     9
 Fire: Shortbow          |       |       |       |   212 ||   212
 Cast: Magic Dart        |    25 |     8 |     5 |     5 ||    43
       Searing Ray       |    10 |    21 |    16 |    30 ||    77
       Fireball          |       |       |       |    56 ||    56
Invok: Curse Item        |       |     1 |     4 |     3 ||     8
Evoke: Wand              |       |       |       |     1 ||     1
  Use: Potion            |       |       |       |     2 ||     2
       Scroll            |       |       |       |     1 ||     1
 Stab: Sleeping          |     3 |     2 |    16 |     1 ||    22
Armor: Skin              |     6 |    15 |    73 |    56 ||   150
Dodge: Dodged            |    14 |    26 |   123 |   167 ||   330
Block: Other             |     1 |    10 |    48 |    52 ||   111
       Reflection        |       |       |       |    11 ||    11
